 Seeded DCSS version 0.28-a0-1567-g1695149f81 (webtiles) character file.

Game seed: 767 (custom seed)

151 knot the Chopper (level 5, 59/61 HPs)
             Began as a Demonspawn Berserker on Jan 20, 2022.
             Was a Believer of Trog.
             Quit the game on level 2 of the Dungeon.
             The game lasted 00:03:00 (2803 turns).

knot the Chopper (Demonspawn Berserker)             Turns: 2803, Time: 00:03:00

Health: 59/61      AC:  8    Str: 18    XL:     5   Next: 11%
Magic:  5/5        EV: 11    Int: 10    God:    Trog [**....]
Gold:   89         SH:  5    Dex: 12    Spells: 4/4 levels left

rFire   . . .      SeeInvis .   a - +0 hand axe
rCold   . . .      Faith    .   k - +2 buckler
rNeg    . . .      Spirit   .   i - +3 ring mail
rPois   +          Reflect  .   (helmet restricted)
rElec   .          Harm     .   (no cloak)
rCorr   .          Rampage  .   (no gloves)
Will    .....                   (no boots)
Stlth   ..........              (no amulet)
HPRegen 0.20/turn               c - ring of poison resistance
MPRegen 0.09/turn               (no ring)

@: berserking, very quick
A: antennae 1, sturdy frame 2, demonic magic 1
a: Renounce Religion, Berserk, Trog's Hand


You were on level 2 of the Dungeon.
You worshipped Trog.
Trog was pleased with you.
You visited 1 branch of the dungeon, and saw 2 of its levels.

You collected 89 gold pieces.

Inventory:

Hand Weapons
 a - a +0 hand axe (weapon)
Missiles
 e - 30 sling bullets
 g - 18 stones (quivered)
Armour
 i - a +3 ring mail (worn)
 k - a +2 buckler (worn)
Jewellery
 b - a ring of fire
 c - a ring of poison resistance (left hand)
Scrolls
 f - a scroll of identify {unknown}
 h - 2 scrolls of enchant armour {unknown}
 j - a scroll of torment {unknown}
 l - a scroll of teleportation {unknown}
Potions
 d - a potion of attraction {unknown}


   Skills:
 - Level 3.0 Fighting
 + Level 5.3 Axes
 - Level 1.7 Armour
 - Level 1.7 Dodging


You had 4 spell levels left.
You didn't know any spells.
Your spell library contained the following spells:

 Spells                   Type           Power      Damage    Failure   Level
 Portal Projectile        Hex/Tloc       0%         N/A       86%         3
 Blade Hands              Tmut           0%         N/A       100%        5
 Excruciating Wounds      Necr           0%         N/A       100%        5


Dungeon Overview and Level Annotations

Branches:
Dungeon (2/15)

Altars:
Xom


Innate Abilities, Weirdness & Mutations

You have a pair of small antennae on your head.
Your movements are less encumbered by armour. (ER -4)
Spells you cast may paralyse adjacent enemies.


Message History

You kill Natasha!
Trog accepts your kill.
Trog appreciates your killing of a magic user.
Moaning pathetically, Natasha's spirit plunges into the ground.
Your Axes skill increases to level 5!
No target in view!
No target in view!
You start resting.
You feel a strong urge to attack something.
You feel yourself speed up.
You start resting.
You feel your anger nearly subside.
You are no longer berserk.
You are exhausted.
You feel yourself slow down.
You start resting.
HP restored.
You start waiting.
You feel yourself speed up.
You start waiting.
You recover from your berserk rage.
Done exploring.
Done exploring.
Natasha, Servant of Life and Death comes into view.
You see here the felid corpse of Natasha.
Natasha claws you.
You hit Natasha but do no damage. You block Natasha's attack.
A red film seems to cover your vision as you go berserk!
You feel yourself moving faster!
You feel mighty! Natasha misses you.
You slash Natasha!
Natasha is heavily wounded.
You slash Natasha!
You kill Natasha!
Trog accepts your kill.
Trog appreciates your killing of a magic user.
You feel Natasha's spirit has finally been put to rest.
You have reached level 5!
Your demonic ancestry asserts itself...
A menacing aura infuses your magic.
Unknown command.
Are you sure you want to abandon this character and quit the game? (Confirm with "yes".)

...## #..#.#......# #.....
#### #######..........# #..#..
# #...# #..........###.##.<
#...###.........>....##..
######...#...........####.#..#
####....................#
#.#..#
........#.....#.........#
#...##
...#..###...###.†....####
#...# .....####...# #.@..#.#
#..## ............###....#.#
#..# )..######.....†#####.#
##..# ...###########...÷...##
#...# ......................##
#...#
#################......##
#..## #....#..###..##
#######.......# ###.....###


There were no monsters in sight!

Vanquished Creatures
  Natasha (thrice) (D:2)
  An adder (D:2)
  3 worms (D:2)
  2 dart slugs (D:2)
  5 bats (D:1)
  3 endoplasms
  3 giant cockroaches (D:1)
  6 goblins
  8 hobgoblins
  3 quokkas
  3 ball pythons
  6 frilled lizards
  4 kobolds
  9 rats
59 creatures vanquished.

Notes
Turn   | Place    | Note
-------+----------+-------------------------------------------
     0 | D:1      | knot the Demonspawn Berserker began the quest for the Orb.
     0 | D:1      | Reached XP level 1. HP: 18/18 MP: 1/1
   104 | D:1      | Reached skill level 3 in Axes
   342 | D:1      | Gained mutation: Your movements are slightly less
                  | encumbered by armour. (ER -2) [demonic ancestry]
   342 | D:1      | Reached XP level 2. HP: 24/24 MP: 2/2
   766 | D:1      | Reached ** piety under Trog
   993 | D:1      | Gained mutation: You have a pair of small antennae on your
                  | head. [demonic ancestry]
   993 | D:1      | Reached XP level 3. HP: 29/29 MP: 3/3
  1029 | D:1      | Found a faded altar of an unknown god.
  1600 | D:2      | Reached skill level 4 in Axes
  2291 | D:2      | Noticed Natasha
  2304 | D:2      | Killed Natasha
  2305 | D:2      | Gained mutation: Your movements are less encumbered by
                  | armour. (ER -4) [demonic ancestry]
  2305 | D:2      | Reached XP level 4. HP: 35/35 MP: 4/4
  2683 | D:2      | Found a shimmering altar of Xom.
  2744 | D:2      | Noticed Natasha
  2754 | D:2      | Killed Natasha
  2755 | D:2      | Reached skill level 5 in Axes
  2796 | D:2      | Noticed Natasha
  2802 | D:2      | Killed Natasha
  2803 | D:2      | Gained mutation: Spells you cast may paralyse adjacent
                  | enemies. [demonic ancestry]
  2803 | D:2      | Reached XP level 5. HP: 41/41 MP: 5/5
  2803 | D:2      | Quit the game

Illustrated notes

Levels and vault maps discovered:
D:1:      onia_arrival_handbag, layout_loops_ring,
          nicolae_ecumenical_lake_church
D:2:      layout_rooms, basic_altar, st_stairs_1, uniq_natasha

Skill      XL: |  1  2  3  4 |
---------------+-------------+-----
Axes           | 3 4 5 |  5.3
Fighting       | |  3.0
Armour         | |  1.7
Dodging        | |  1.7

Action                   |  1- 3 |  4- 6 || total
-------------------------+-------+-------++-------
Melee: Hand axe          |   165 |    28 ||   193
       Punch             |     1 |       ||     1
Invok: Berserk           |     4 |     2 ||     6
 Stab: Sleeping          |     1 |       ||     1
Armor: Animal skin       |     8 |       ||     8
       Ring mail         |    47 |     6 ||    53
Dodge: Dodged            |    93 |    13 ||   106
Block: Buckler           |       |     5 ||     5

Table legend: (Time is in decaauts)
 A = Elapsed time spent in this place.
 B = Non-inter-level travel time spent in this place.
 C = Inter-level travel time spent in this place.
 D = Time resting spent in this place.
 E = Time spent auto-exploring this place.
 F = Levels seen in this place.
 G = Mean time per level.
                   A        B        C        D        E       F      G
               +--------+--------+--------+--------+--------+-----+--------+
         Total |   2887 |   2845 |     42 |    917 |   1484 |   2 | 1443.5 |
       Dungeon |   2887 |   2845 |     42 |    917 |   1484 |   2 | 1443.5 |
               +--------+--------+--------+--------+--------+-----+--------+

Top non-repeatable levels by time:
     D:1: 1615 daAuts
     D:2: 1271 daAuts
